 Dungeon Crawl Stone Soup version 0.30-a0-458-g86641cc369 (webtiles) character file.

Game seed: 8731374111361688852

454 dr0g0th the Covered (level 6, -5/54 HPs)
             Began as an Armataur Fighter on Dec 14, 2022.
             Slain by an ogre
             ... wielding a +0 giant spiked club
              (28 damage)
             ... on level 5 of the Dungeon.
             The game lasted 00:03:38 (2852 turns).

dr0g0th the Covered (Armataur Fighter)              Turns: 2852, Time: 00:03:38

Health: -5/54      AC: 11    Str: 23    XL:     6   Next: 76%
Magic:  15/15      EV:  9    Int:  9    God:
Gold:   332        SH:  4    Dex:  9    Spells: 5/5 levels left

rFire   . . .      SeeInvis .    b - +6 demon blade (venom)
rCold   . . .      Faith    .    c - +0 buckler
rNeg    . . .      Spirit   .    q - +0 chain mail
rPois   .          Reflect  .    i - +0 helmet
rElec   .          Harm     .    (no cloak)
rCorr   .          Roll     +    a - +0 pair of gloves
Will    .....                    (no barding)
Stlth   ..........               (no amulet)
HPRegen 0.29/turn                p - +4 ring of evasion
MPRegen 0.14/turn                s - ring of magical power

@: lethally poisoned (-5 -> -7)
A: large, rugged brown scales 3, deformed body, armoured tail, roll, long
tongue, awkward tongue
a: no special abilities


You were on level 5 of the Dungeon.
You visited 1 branch of the dungeon, and saw 5 of its levels.

You collected 332 gold pieces.

Inventory:

Hand Weapons
 b - a +6 demon blade of venom (weapon)
Armour
 a - a +0 pair of gloves (worn)
 c - a +0 buckler (worn)
 i - a +0 helmet (worn)
 q - a +0 chain mail (worn)
Jewellery
 e - a +6 ring of intelligence
 p - a +4 ring of evasion (left hand)
 s - a ring of magical power (right hand)
 u - a ring of willpower
 y - a ring of fire
Wands
 r - a wand of roots (14)
Scrolls
 f - a scroll of amnesia {unknown}
 g - 2 scrolls of blinking
 m - a scroll of enchant weapon {unknown}
 t - a scroll of fear
 w - a scroll of butterflies {unknown}
 x - a scroll of fog {unknown}
 z - a scroll of identify
Potions
 d - 3 potions of might
 h - 2 potions of curing
 j - a potion of flight {unknown}
 k - 3 potions of lignification {unknown}
 l - 2 potions of heal wounds {unknown}
 n - a potion of invisibility {unknown}
 o - a potion of haste {unknown}
 v - 2 potions of brilliance {unknown}
 A - a potion of attraction {unknown}


   Skills:
 + Level 3.5 Fighting
 + Level 4.9 Long Blades
 + Level 5.3 Armour
 + Level 0.4 Dodging
 + Level 4.2 Shields


You had 5 spell levels left.
You didn't know any spells.
Your spell library contained the following spells:

 Spells                   Type           Power      Damage    Failure   Level
 Apportation              Tloc           0%         N/A       98%         1
 Shock                    Conj/Air       0%         1d3       98%         1
 Ozocubu's Armour         Ice            0%         N/A       100%        3
 Swiftness                Air            0%         N/A       100%        3
 Airstrike                Air            0%         2d(0-16)  100%        4
 Alistair's Intoxication  Tmut/Pois      0%         N/A       100%        5
 Metabolic Englaciation   Hex/Ice        0%         N/A       100%        5
 Simulacrum               Ice/Necr       0%         N/A       100%        6


Dungeon Overview and Level Annotations

Branches:
Dungeon (5/15)
 Temple: D:4-7

Altars:


Innate Abilities, Weirdness & Mutations

You are completely covered in rugged brown scales. (AC +3, +7% HP)
Armour fits poorly on your strangely shaped body.
You have a long armoured tail.
You roll when moving toward enemies. (Rampage)
Your long tongue fully drains potion bottles. (2x potion effects)
Your tongue gives you trouble enunciating. (1.5x scroll delay)


Message History

A jelly is nearby!
You slash the jelly!
The jelly is poisoned.
Your hands burn!
The jelly is moderately wounded.
The jelly hits you but does no damage.
You slash the jelly!
Your hands burn!
The jelly is almost dead.
The jelly hits you but does no damage.
You hit the jelly.
You kill the jelly!
An ogre comes into view. It is wielding a +0 giant spiked club.
The ogre shouts!
A scorpion comes into view.
There are monsters nearby!
There are monsters nearby!
There are monsters nearby!
You roll towards the ogre!
Found a scroll labelled PAONUDD UCZU.
You roll towards the ogre!
The ogre hits you with a +0 giant spiked club!
You hit the ogre.
The ogre is lightly wounded.
The scorpion stings you but does no damage.
You block the ogre's attack. The scorpion closely misses you.
You hit the ogre.
The ogre is moderately wounded.
The scorpion stings you. The scorpion attacks as you move away!
The scorpion stings you.
You are poisoned.
The scorpion poisons you!
You feel sick.
You feel sick.
You are too injured to fight recklessly!
You are too injured to fight recklessly!
You barely miss the ogre.
The ogre is moderately wounded.
You feel sick. The ogre barely misses you.
You barely miss the ogre.
The ogre is moderately wounded.
You feel sick.
The ogre hits you with a +0 giant spiked club!!
Ouch! That really hurt!
You die...

#.#######
#............ #.#
##...#....... #.#
#..###...... #(#
#+## ##..... #.#
#...## ##...# #.###
#.....# #####
###.#.######.......
##.
#........##........
####..
#.#......@Os.......
+.....
#.#....#.##........
####.. #
#.#.##.###.......
##. #...##.#
#.....# ## ###.##.#
#...## ...?.# #+##
#.#### #.# ##.##


You could see an ogre and a scorpion.

Vanquished Creatures
  An ice beast (D:5)
  A necrophage (D:5)
  A scorpion (D:4)
  2 jellies (D:5)
  2 iguanas
  5 adders
  A shadow imp (D:5)
  A worm (D:2)
  4 dart slugs (D:1)
  2 orcs (D:4)
  8 ball pythons
  7 bats
  6 endoplasms
  5 giant cockroaches
  3 goblins
  6 hobgoblins
  4 frilled lizards
  A kobold (D:3)
  6 rats
66 creatures vanquished.

Notes
Turn   | Place    | Note
-------+----------+-------------------------------------------
     0 | D:1      | dr0g0th the Armataur Fighter began the quest for the Orb.
     0 | D:1      | Reached XP level 1. HP: 19/19 MP: 1/1
   323 | D:1      | Reached XP level 2. HP: 21/26 MP: 2/2
   366 | D:1      | Reached skill level 4 in Armour
   605 | D:2      | Reached XP level 3. HP: 32/32 MP: 3/3
  1112 | D:2      | Identified a scroll of acquirement
  1112 | D:2      | Acquired a +6 demon blade of venom
  1410 | D:3      | Reached XP level 4. HP: 40/40 MP: 4/4
  2084 | D:4      | Noticed a scorpion
  2087 | D:4      | Killed a scorpion
  2088 | D:4      | Reached XP level 5. HP: 34/48 MP: 5/5
  2251 | D:5      | Entered Level 5 of the Dungeon
  2616 | D:5      | Reached skill level 5 in Armour
  2616 | D:5      | Reached XP level 6. HP: 54/54 MP: 6/6
  2630 | D:5      | Noticed an ice beast
  2644 | D:5      | Killed an ice beast
  2852 | D:5      | Slain by an ogre

Illustrated notes

Levels and vault maps discovered:
D:1:      sevenhm_arrival_forest_fort_small_5, layout_basic, minmay_tetromino_t2
D:2:      layout_rooms
D:3:      layout_basic
D:4:      layout_loops_ring, corner_web_ring, st_stairs_7
D:5:      layout_loops_corners, minmay_curled_crystal

Skill      XL: |  1  2  3  4  5 |
---------------+----------------+-----
Armour         | 4 5 |  5.3
Long Blades    | 2 3 4 |  4.9
Fighting       | 3 |  3.5
Shields        | 4 |  4.2
Dodging        | |  0.4

Action                   |  1- 3 |  4- 6 || total
-------------------------+-------+-------++-------
Melee: Long sword        |   117 |       ||   117
       Tailslap          |    13 |     4 ||    17
       Demon blade       |     5 |    73 ||    78
  Use: Scroll            |     8 |       ||     8
Armor: Scale mail        |    32 |       ||    32
       Chain mail        |    32 |    26 ||    58
Dodge: Dodged            |    59 |    28 ||    87
Block: Buckler           |    26 |    12 ||    38

Table legend: (Time is in decaauts)
 A = Elapsed time spent in this place.
 B = Non-inter-level travel time spent in this place.
 C = Inter-level travel time spent in this place.
 D = Time resting spent in this place.
 E = Time spent auto-exploring this place.
 F = Levels seen in this place.
 G = Mean time per level.
                   A        B        C        D        E       F      G
               +--------+--------+--------+--------+--------+-----+--------+
         Total |   2903 |   2793 |    110 |     57 |   2227 |   5 |  580.6 |
       Dungeon |   2903 |   2793 |    110 |     57 |   2227 |   5 |  580.6 |
               +--------+--------+--------+--------+--------+-----+--------+

Top non-repeatable levels by time:
     D:4: 670 daAuts
     D:1: 609 daAuts
     D:5: 605 daAuts
     D:2: 590 daAuts
     D:3: 427 daAuts
